 Dungeon Crawl Stone Soup version 0.29.0-4-gdea44cf6ec (webtiles) character file.

Game seed: 12877150338614151078

210 qw the Chopper (level 5, 0/45 HPs)
             Began as a Minotaur Berserker on Sept 9, 2022.
             Was a Believer of Trog.
             Succumbed to a scorpion's poison
             ... on level 4 of the Dungeon.
             The game lasted 00:01:05 (2270 turns).

qw the Chopper (Minotaur Berserker)                 Turns: 2270, Time: 00:01:05

Health: 0/45       AC: 13    Str: 23    XL:     5   Next: 56%
Magic:  4/4        EV:  7    Int:  4    God:    Trog [**....]
Gold:   162        SH:  0    Dex: 10    Spells: 4/4 levels left

rFire   . . .      SeeInvis .   Y - +1 hand axe
rCold   . . .      Faith    .   (no shield)
rNeg    . . .      Spirit   +   a - +0 plate armour
rPois   .          Reflect  .   (helmet restricted)
rElec   .          Harm     .   (no cloak)
rCorr   .          Rampage  .   k - +1 pair of gloves
Will    .....                   (no boots)
Stlth   ..........              f - amulet of guardian spirit
HPRegen 0.15/turn               (no ring)
MPRegen 0.09/turn               (no ring)

@: lethally poisoned (0 -> -5), on berserk cooldown, slowed, very slow
A: horns 2, retaliatory headbutt, deterioration 2
a: Renounce Religion, Berserk, Trog's Hand


You were on level 4 of the Dungeon.
You worshipped Trog.
Trog was pleased with you.
You visited 1 branch of the dungeon, and saw 4 of its levels.

You collected 162 gold pieces.


Innate Abilities, Weirdness & Mutations

You have a pair of horns on your head.
You reflexively headbutt those who attack you in melee.
Your body often deteriorates upon taking damage.


   Skills:
 - Level 3.6 Fighting
 - Level 7.6 Axes
 + Level 2.4 Armour
 - Level 2.1 Dodging


You had 4 spell levels left.
You didn't know any spells.
Your spell library was empty.

Inventory:

Hand Weapons
 g - a +0 flail
 Y - a +1 hand axe (weapon)
Armour
 a - a +0 plate armour (worn)
 k - a +1 pair of gloves (worn)
Jewellery
 f - an amulet of guardian spirit (around neck)
Scrolls
 c - a scroll of identify
Potions
 b - 2 potions of invisibility {unknown}
 d - a potion of might {unknown}
 e - a potion of curing
 h - a potion of magic {unknown}

Dungeon Overview and Level Annotations

Branches:
Dungeon (4/15)
 Temple: D:4-7

Altars:


Message History

You feel sick. The scorpion stings you.
You barely miss the scorpion.
The scorpion is lightly wounded.
You feel sick.
The scorpion stings you but does no damage.
The scorpion stings you.
You are more poisoned.
The scorpion poisons you!
You hit the scorpion.
The scorpion is moderately wounded.
You feel very sick.
The scorpion stings you but does no damage.
The scorpion barely misses you.
You barely miss the scorpion. Your headbutt misses the scorpion.
The scorpion is moderately wounded.
You feel very sick.
The scorpion stings you but does no damage.
You hit the scorpion.
The scorpion is heavily wounded.
You feel very sick. The scorpion stings you.
You are lethally poisoned!
The scorpion poisons you!
The scorpion stings you but does no damage.
You hit the scorpion but do no damage.
The scorpion is heavily wounded.
You feel very sick. The scorpion closely misses you.
You hit the scorpion.
The scorpion is almost dead.
You feel very sick.
The scorpion stings you but does no damage. x2
You hit the scorpion but do no damage.
The scorpion is almost dead.
You feel very sick.
The scorpion stings you but does no damage.
The scorpion barely misses you.
You closely miss the scorpion.
The scorpion is almost dead.
You die...

.............#
#.#...#[####.#
..#...#.# #.#
..#.....# #)##
#.#...### #).#
>.##### ##.#
### ####.####
#>....s$#
##.##@# #.##.#
.. #..#.# #.
##.#.. .P..
.... P...
..8P## #


You could see a scorpion.

Vanquished Creatures
  A phantom (D:4)
  4 gnolls (D:4)
  2 adders (D:2)
  A worm (D:2)
  5 orcs (D:3)
  8 bats
  7 endoplasms
  2 giant cockroaches
  5 goblins
  8 hobgoblins
  5 kobolds
  3 quokkas
  6 ball pythons
  3 frilled lizards
  7 rats
67 creatures vanquished.

Vanquished Creatures (others)
  A plant (D:3)
1 creature vanquished.

Grand Total: 68 creatures vanquished

Notes
Turn   | Place    | Note
-------+----------+-------------------------------------------
     0 | D:1      | qw the Minotaur Berserker began the quest for the Orb.
     0 | D:1      | Reached XP level 1. HP: 19/19 MP: 0/0
     0 | D:1      | 0 ||| qw: Version: 0.1-a-113-g051387a
     0 | D:1      | 0 ||| qw: Game counter: 7254
     0 | D:1      | 0 ||| qw: Always use a shield: true
     0 | D:1      | 0 ||| qw: Do Orc after D:15 true
     0 | D:1      | 0 ||| qw: Do second Lair branch before Depths: true
     0 | D:1      | 0 ||| qw: Lair rune preference: random
     0 | D:1      | 0 ||| qw: Plans: Normal
     0 | D:1      | 0 ||| PLANNING D:1-11
    87 | D:1      | Found a faded altar of an unknown god.
   145 | D:1      | Reached skill level 4 in Axes
   179 | D:1      | 179 ||| Stepping ~*~*~tactically~*~*~ (stealth).
   181 | D:1      | 181 ||| Stepping ~*~*~tactically~*~*~ (stealth).
   183 | D:1      | 183 ||| Stepping ~*~*~tactically~*~*~ (stealth).
   184 | D:1      | 184 ||| Stepping ~*~*~tactically~*~*~ (stealth).
   185 | D:1      | 185 ||| Stepping ~*~*~tactically~*~*~ (stealth).
   192 | D:1      | Reached XP level 2. HP: 24/26 MP: 1/1
   509 | D:1      | 509 ||| DROPPING +0 club.
   550 | D:1      | 550 ||| Stepping ~*~*~tactically~*~*~ (stealth).
   557 | D:1      | 557 ||| Stepping ~*~*~tactically~*~*~ (stealth).
   561 | D:1      | 561 ||| Stepping ~*~*~tactically~*~*~ (stealth).
   563 | D:1      | 563 ||| Stepping ~*~*~tactically~*~*~ (stealth).
   565 | D:1      | Reached skill level 5 in Axes
   566 | D:1      | 566 ||| Stepping ~*~*~tactically~*~*~ (stealth).
   618 | D:1      | 618 ||| UPGRADING to +0 ring mail.
   628 | D:1      | 628 ||| DROPPING +0 animal skin.
   629 | D:1      | 629 ||| UPGRADING to amulet of guardian spirit.
   634 | D:1      | 634 ||| READING scroll labelled VOUSOR COIDUL.
   635 | D:1      | 635 ||| DRINKING 2 bubbling red potions.
   644 | D:2      | Reached ** piety under Trog
   646 | D:2      | 646 ||| STAIRDANCE
   653 | D:2      | 653 ||| INVOKING Berserk.
   654 | D:2      | 654 ||| INVOKING Berserk.
   657 | D:2      | Reached XP level 3. HP: 31/31 MP: 2/2
   659 | D:2      | 659 ||| STAIRDANCE
   857 | D:2      | 857 ||| Stepping ~*~*~tactically~*~*~ (stealth).
   882 | D:2      | 882 ||| DROPPING +0 whip.
  1237 | D:2      | 1237 ||| Stepping ~*~*~tactically~*~*~ (hiding).
  1238 | D:2      | 1238 ||| Stepping ~*~*~tactically~*~*~ (hiding).
  1254 | D:2      | 1254 ||| Stepping ~*~*~tactically~*~*~ (stealth).
  1256 | D:2      | 1256 ||| Stepping ~*~*~tactically~*~*~ (stealth).
  1257 | D:2      | 1257 ||| Stepping ~*~*~tactically~*~*~ (stealth).
  1258 | D:2      | 1258 ||| Stepping ~*~*~tactically~*~*~ (stealth).
  1345 | D:2      | Reached XP level 4. HP: 39/39 MP: 3/3
  1393 | D:2      | Reached skill level 6 in Axes
  1426 | D:2      | 1426 ||| UPGRADING to +0 plate armour.
  1436 | D:2      | 1436 ||| DROPPING +0 ring mail.
  1437 | D:2      | 1437 ||| UPGRADING to +1 pair of gloves.
  1442 | D:2      | 1442 ||| READING 3 scrolls labelled HEKOSA TESUMOE.
  1443 | D:2      | 1443 ||| READING scroll labelled ZUUBIZ UZACAOL.
  1444 | D:2      | 1444 ||| READING scroll labelled GATYMA SIOMN.
  1445 | D:2      | 1445 ||| DROPPING 2 scrolls of fear.
  1527 | D:3      | 1527 ||| Stepping ~*~*~tactically~*~*~ (hiding).
  1640 | D:3      | 1640 ||| DROPPING +1 mace of protection.
  1682 | D:3      | 1682 ||| Stepping ~*~*~tactically~*~*~ (stealth).
  1747 | D:3      | 1747 ||| Stepping ~*~*~tactically~*~*~ (stealth).
  1748 | D:3      | 1748 ||| Stepping ~*~*~tactically~*~*~ (stealth).
  1761 | D:3      | 1761 ||| Stepping ~*~*~tactically~*~*~ (stealth).
  1762 | D:3      | 1762 ||| Stepping ~*~*~tactically~*~*~ (stealth).
  1763 | D:3      | 1763 ||| Stepping ~*~*~tactically~*~*~ (stealth).
  2107 | D:3      | 2107 ||| READING scroll labelled USKELO MOMUARU.
  2108 | D:3      | 2108 ||| DRINKING 2 fizzy green potions.
  2108 | D:3      | Gained mutation: You have sharp toenails. [potion of
                  | mutation]
  2108 | D:3      | Gained mutation: Armour fits poorly on your strangely
                  | shaped body. [potion of mutation]
  2108 | D:3      | Gained mutation: You are frail. (-10% HP) [potion of
                  | mutation]
  2109 | D:3      | 2109 ||| DRINKING potion of mutation.
  2109 | D:3      | Lost mutation: You have sharp toenails. [potion of
                  | mutation]
  2109 | D:3      | Lost mutation: You are frail. (-10% HP) [potion of
                  | mutation]
  2109 | D:3      | Lost mutation: Armour fits poorly on your strangely shaped
                  | body. [potion of mutation]
  2109 | D:3      | Gained mutation: Your body sometimes deteriorates upon
                  | taking damage. [potion of mutation]
  2109 | D:3      | Gained mutation: Your body often deteriorates upon taking
                  | damage. [potion of mutation]
  2109 | D:3      | Gained mutation: You are dopey. (Int -2) [potion of
                  | mutation]
  2109 | D:3      | Lost mutation: You are dopey. (Int -2) [potion of mutation]
  2237 | D:4      | 2237 ||| INVOKING Berserk.
  2242 | D:4      | Noticed a phantom
  2249 | D:4      | Noticed a scorpion
  2259 | D:4      | Killed a phantom
  2260 | D:4      | Reached skill level 7 in Axes
  2260 | D:4      | Reached XP level 5. HP: 38/45 MP: 4/4
  2267 | D:4      | HP: 9/45 [poisoned by a scorpion]
  2269 | D:4      | HP: 2/45 [poisoned by a scorpion]
  2270 | D:4      | Succumbed to a scorpion's poison

Levels and vault maps discovered:
D:1:      minmay_arrival_three_doors, layout_rooms,
          hellmonk_ecumenical_altar_blasted
D:2:      layout_rooms, serial_glass, glass_columns_a, glass_columns_b,
          serial_park_tiny_2, minmay_tetromino_i2
D:3:      layout_basic, wad_woods_river_04, dk_noncrumbling_3
D:4:      layout_loops_cross, grunt_temple_overflow_gold_and_silver,
          mainiacjoe_overflow_surrounded_room, serial_undead, serial_undead_a,
          serial_undead_c, serial_undead_b, serial_undead_c, serial_undead_c,
          serial_undead_f

Skill      XL: |  1  2  3  4 |
---------------+-------------+-----
Axes           | 4 5 7 |  7.6
Fighting       | |  3.6
Armour         | |  2.4
Dodging        | |  2.1

Action                   |  1- 3 |  4- 6 || total
-------------------------+-------+-------++-------
Melee: Hand axe          |    82 |    72 ||   154
       Headbutt          |    11 |    11 ||    22
       Punch             |     1 |     1 ||     2
Invok: Berserk           |     1 |     1 ||     2
  Use: Scroll            |     1 |     4 ||     5
       Potion            |     1 |     2 ||     3
Armor: Animal skin       |     4 |       ||     4
       Ring mail         |    11 |       ||    11
       Plate armour      |       |    35 ||    35
Dodge: Dodged            |    49 |    16 ||    65

Table legend:
 A = Non-vault XP
 B = Vault XP
 C = Vault XP percentage of total XP
 D = Non-vault monster count
 E = Vault monster count
 F = Vault count percentage of total count
                 A         B        C        D         E       F
            +---------+---------+-------+---------+---------+-------
      Total |     177 |     123 |  41.0 |      64 |       3 |   4.5
            +---------+---------+-------+---------+---------+-------
        D:1 |      37 |       0 |   0.0 |      23 |       0 |   0.0
        D:2 |      44 |      18 |  29.0 |      19 |       2 |   9.5
        D:3 |      35 |       0 |   0.0 |      17 |       0 |   0.0
        D:4 |      61 |     105 |  63.3 |       5 |       1 |  16.7
            +---------+---------+-------+---------+---------+-------
